 Dungeon Crawl Stone Soup version 0.21.0 (webtiles) character file.

161 HungrySpirit the Ducker (level 5, 0/30 HPs)
             Began as a Deep Elf Artificer on Jan 8, 2018.
             Succumbed to Edmund's poison
             ... on level 3 of the Dungeon.
             The game lasted 00:05:14 (3212 turns).

HungrySpirit the Ducker (Deep Elf Artificer)        Turns: 3212, Time: 00:05:14

Health: 0/30       AC:  4    Str:  9    XL:     5   Next: 18%
Magic:  18/18      EV: 13    Int: 17    God:
Gold:   173        SH:  0    Dex: 15    Spells: 4/4 levels left

rFire    . . .     SeeInvis .   c - +1 dagger (speed)
rCold    . . .     Gourm    .   (no shield)
rNeg     + . .     Faith    .   b - +0 leather armour
rPois    .         Spirit   .   (no helmet)
rElec    .         Reflect  .   (no cloak)
rCorr    .         Harm     .   (no gloves)
MR       .....                  p - +0 pair of boots
Stlth    ++........             i - amulet of regeneration
HPRegen  0.50/turn              s - ring of positive energy
MPRegen  0.16/turn              v - ring of magical power

@: lethally poisoned (0 -> -11)
A: no striking features
a: no special abilities


You were on level 3 of the Dungeon.
You were not hungry.

You visited 1 branch of the dungeon, and saw 4 of its levels.

You collected 173 gold pieces.

Inventory:

Hand Weapons
 c - a +1 dagger of speed (weapon)
Armour
 b - a +0 leather armour (worn)
 p - a +0 pair of boots (worn)
Jewellery
 i - an amulet of regeneration (around neck)
 s - a ring of positive energy (left hand)
 v - a ring of magical power (right hand)
Wands
 d - a wand of enslavement (11)
 e - a wand of random effects (12)
Scrolls
 g - a scroll of enchant weapon {unknown}
 j - 2 scrolls of identify {unknown}
 k - 2 scrolls of blinking {unknown}
 l - a scroll of enchant armour {unknown}
 n - a scroll of fog {unknown}
 o - a scroll of fear {unknown}
 t - 4 scrolls of remove curse {unknown}
 u - 2 scrolls of immolation {unknown}
Potions
 a - a potion of ambrosia {unknown}
 m - 2 potions of agility {unknown}
 q - 2 potions of lignification {unknown}
 r - 2 potions of resistance {unknown}
 w - a potion of flight {unknown}
Comestibles
 f - 5 rations


   Skills:
 - Level 2.0 Fighting
 * Level 3.6 Short Blades
 + Level 3.8 Dodging
 - Level 1.2 Stealth
 + Level 0.3 Spellcasting
 - Level 3.2 Evocations


You had 4 spell levels left.
You didn't know any spells.

Dungeon Overview and Level Annotations

Branches:
Dungeon (4/15)
 Temple: D:4-7

Altars:
Zin

Annotations:
D:3 Edmund


Message History

Edmund twists and deforms.
Evoke which item? (* to show all) (? for menu, Esc to quit)
Aiming: Random Effects
Press: ? - help, Shift-Dir - straight line, f/p - Edmund
Aim: Edmund, wielding a dire flail of venom and wearing a glowing leather armour (misshapen and mutated)
The mass of ice explodes!
The iceblast engulfs Edmund.
Edmund is heavily wounded.
The iceblast engulfs you!
Ouch! That really hurt!
Edmund barely misses you.
All of the chunks of flesh in your inventory have rotted away.
There is a stone staircase leading up here.
Edmund hits you with a dire flail of venom!
* * * LOW HITPOINT WARNING * * *
You are lethally poisoned!
You climb upwards.
* * * LOW HITPOINT WARNING * * *
You feel very sick.
There is a stone staircase leading down here.
You die...

...##.# #..# #...........# #
##.##.# #..####.########### #
##.##.# #.[...#)# # ##.##.##
#..##.#.### #
##.#...####..##.#...# #
##...........##.#...# #
...#...####.###.#.[.# #
##..........###.#..># #
...............>@...#############
..............@...#..............
.....######.#####################
............# .....########
.....# .....# ######


You could see Edmund.

Vanquished Creatures
  An orc wizard (D:3)
  3 adders
  2 oozes
  An adder zombie (D:2)
  2 worms (D:2)
  A dart slug (D:2)
  8 orcs (D:3)
  4 giant cockroaches
  7 hobgoblins
  A quokka (D:2)
  2 ball pythons
  8 bats
  4 frilled lizards
  7 goblins
  12 kobolds
  6 rats
69 creatures vanquished.

Vanquished Creatures (collateral kills)
  An orc wizard (D:3)
  An orc (D:3)
2 creatures vanquished.

Vanquished Creatures (others)
  An adder (D:3)
  An orc (D:3)
2 creatures vanquished.

Grand Total: 73 creatures vanquished

Notes
Turn   | Place    | Note
-------+----------+-------------------------------------------
     0 | D:1      | HungrySpirit the Deep Elf Artificer began the quest for the Orb.
     0 | D:1      | Reached XP level 1. HP: 11/11 MP: 5/5
   186 | D:1      | Reached skill level 1 in Fighting
   287 | D:1      | Reached XP level 2. HP: 8/16 MP: 6/6
  1460 | D:2      | Reached XP level 3. HP: 11/20 MP: 7/7
  1959 | D:2      | Found a glowing silver altar of Zin.
  2313 | D:3      | Reached XP level 4. HP: 19/25 MP: 8/8
  2794 | D:3      | Reached XP level 5. HP: 30/30 MP: 9/9
  3205 | D:4      | Noticed Edmund
  3211 | D:3      | HP: 1/30 [poisoned by Edmund]
  3212 | D:3      | Succumbed to Edmund's poison

Skill      XL: |  1  2  3  4 |
---------------+-------------+-----
Fighting       | 1 2 |  2.0
Short Blades   | 2 3 |  3.6
Dodging        | 3 |  3.8
Stealth        | |  1.2
Spellcasting   | |  0.3
Evocations     | |  3.2

Action                   |  1- 3 |  4- 6 || total
-------------------------+-------+-------++-------
Melee: Short sword       |   148 |    63 ||   211
       Dagger            |       |    75 ||    75
Evoke: Wand              |    15 |     7 ||    22
  Use: Potion            |       |     2 ||     2
 Stab: Sleeping          |     5 |       ||     5
  Eat: Chunk             |     4 |     3 ||     7
Armor: Leather armour    |    29 |    29 ||    58
Dodge: Dodged            |   112 |    53 ||   165
